← All builds
Tech / Cortex / Economy first / OBSERVED BUILD

Standard tech

Rushes T2 with a Bot Lab at 1:29 and Advanced Bot Lab by 4:21, upgrades mex, and hands the first T2 constructor to Geo while feeding constructors and units to teammates as the game moves on.

Usually first T2 con to Geo (67%)

#t2 #eco #team support · 15 distinct matches · 9 players · 44% of Cortex Tech games · team won 13% of 15 · Recently observed

HOW TO PLAY IT

Key timing: Advanced Bot Lab by 4:21

  1. Take mex and wind, then start a Bot Lab by 1:19.
  2. Rush the Advanced Bot Lab to get T2 cons out fast.
  3. Pass first T2 con to team, prioritizing mex upgrades over eco.
  4. Upgrade to Advanced Metal Extractor as first of many mex upgrades.
  5. Add anti-nuke and crawling bomb, then scale toward fus around 12:11.

Phase by phase

TYPICAL OF ITS 15 GAMES
  1. 1
  2. 2
  3. 3
  4. 4
PLAY THE OPENING

Follow the example game's first 6:00 step by step: what to build now, what comes next, and where it goes. At 1× it keeps pace with your own game.

  1. 1

    Up to the Bot Lab

    Economy
    • Metal Extractor3Mex
    • Wind Turbine4Wind
    • Energy Storage1Energy storage
    Order
    1. Bot LabBot Lab after 3 mex, 4 wind, 1 energy storagedone ~1:29, middle half 1:13–1:37

    By 1:13 in all: 3 mex · 4 wind · 1 energy storage

    The example game in this phase · 4 steps
    1. Mex ×3
    2. Wind ×4
    3. Energy storage
    4. Bot LabBot Labdone 1:31 · typical 1:29
  2. 2

    Bot Lab to Advanced Bot Lab

    Economy
    • Metal Extractor1Mex
    • Wind Turbine7Wind
    Order
    1. Advanced Bot LabAdvanced Bot Lab after 4 mex, 11 wind, 2 con turretdone ~4:21, middle half 4:10–4:48
    Builders
    • Construction Turret2 Con turret
    • Construction Bot2 Con bot
    • Graverobber2 Graverobber

    Some games also: con bot for allies (47%)

    By 2:47 in all: 4 mex · 11 wind · 1 energy storage · 2 con turret

    The example game in this phase · 17 steps
    1. GraverobberGraverobber ×3
    2. Wind
    3. Construction BotCon bot ×3
    4. Con turret
    5. Converter
    6. Mex
    7. Con turret ×2
    8. Wind ×3
    9. Converter
    10. Wind ×2
    11. Converter
    12. Wind
    13. Converter
    14. Wind ×3
    15. Converter
    16. Wind ×4
    17. Advanced Bot LabAdvanced Bot Labdone 4:56 · typical 4:21
  3. 3

    Advanced Bot Lab to 5:00

    Economy
    • Wind Turbine5Wind
    Builders
    • Advanced Construction Bot1 T2 con bot for allies

    Some games also: Graverobber (40%) · converter (40%)

    By 5:00 in all: 4 mex · 16 wind · 2 converter · 1 energy storage · 2 con turret

    The example game in this phase · 2 steps
    1. Wind ×7
    2. Advanced Construction BotT2 con botfor Beach sea
  4. 4

    5:00 to 10:00

    Economy
    • Wind Turbine19Wind
    • Energy Converter1Converter
    Builders
    • Construction Turret2 Con turret
    • Advanced Construction Bot4 T2 con bot for allies
    • Twitcher1 Twitcher
    • Advanced Construction Bot1 T2 con bot

    Some games also: metal storage (40%) · con bot (33%)

    By 10:00 in all: 4 mex · 36 wind · 5 converter · 1 energy storage · 5 con turret

    The example game in this phase · 114 steps
    1. Wind ×2
    2. Converter ×2
    3. Wind
    4. Converter
    5. Advanced Metal ExtractorT2 mexdone 6:27 · typical 5:53
    6. Wind
    7. Converter
    8. Advanced Metal ExtractorT2 mex ×2
    9. Wind
    10. Advanced Construction BotT2 con botfor Air
    11. Wind
    12. Converter
    13. Wind
    14. Converter
    15. Wind ×3
    16. Advanced Metal ExtractorT2 mex
    17. Wind ×2
    18. Converter
    19. Advanced Construction BotT2 con botfor Geo sea
    20. Wind ×3
    21. Advanced Construction BotT2 con botfor Pond
    22. Converter
    23. Wind ×2
    24. Advanced Construction BotT2 con bot
    25. Wind ×2
    26. Metal storage
    27. Wind ×2
    28. Con turret
    29. Advanced Construction BotT2 con bot
    30. Fusion ReactorFusiondone 10:50
    31. Wind
    32. Converter
    33. Con turret
    34. Advanced Metal ExtractorT2 mex
    35. Wind
    36. Converter
    37. Wind
    38. Con turret
    39. Wind
    40. Con turret
    41. Converter
    42. Wind
    43. Fusion ReactorFusion
    44. Con turret ×2
    45. Wind
    46. Converter
    47. T2 converter
    48. Con turret
    49. Wind
    50. T2 converter
    51. Converter
    52. Wind ×2
    53. Aircraft PlantAircraft Plantdone 12:14
    54. Converter
    55. Con turret
    56. FinchFinchfor Air
    57. ValiantValiantfor Air
    58. Con turret
    59. ValiantValiantfor Air
    60. Wind
    61. Con turret
    62. Converter
    63. Con turret
    64. ValiantValiantfor Air
    65. Con turret
    66. FinchFinch ×2for Air
    67. Con turret
    68. Converter
    69. Con turret
    70. ValiantValiantfor Air
    71. Con turret
    72. Wind
    73. Con turret
    74. ValiantValiant ×2for Air
    75. Con turret
    76. Converter
    77. ValiantValiant ×2for Air
    78. Converter
    79. ValiantValiant ×2for Air
    80. Converter
    81. ValiantValiant ×2for Air
    82. Wind
    83. ValiantValiantfor Air
    84. Converter
    85. ValiantValiant ×2for Air
    86. Wind
    87. ValiantValiantfor Air
    88. Converter
    89. ValiantValiantfor Air
    90. Wind
    91. ValiantValiantfor Air
    92. Wind
    93. ValiantValiant ×2for Air
    94. Wind
    95. Converter
    96. FinchFinchfor Air
    97. ValiantValiantfor Air
    98. Converter
    99. ValiantValiant ×3for Air
    100. Converter
    101. ValiantValiant ×3for Air
    102. Converter
    103. ValiantValiant ×5for Air
    104. Wind
    105. ValiantValiantfor Air
    106. WhirlwindWhirlwind ×9
    107. Converter
    108. WhirlwindWhirlwind ×11
    109. Converter
    110. WhirlwindWhirlwind ×2
    111. ValiantValiant ×3
    112. Wind
    113. ValiantValiant ×4
    114. FinchFinch

Counts are medians over the build's games: half of them build more, half fewer. The example game is [Grump]Grumpiness's (50 OS, 18/09/2026); pick another.

Team trades

IN AT LEAST 30% OF ITS GAMES

You hand over

  • Construction Bot1 Con bot to Air or Geofirst at 2:49 · in 60% of games
  • Advanced Construction Bot5 T2 con bot to Air or Pond or Geo seafirst at 5:16 · in 93% of games

You get

  • Hercules1 Light transport from Airfirst at 3:56 · in 67% of games

How it plays out

Typical game of this build, running totals by minute

Metal produced

010k20k30k
0:005:0010:0015:00

metal

Enemy metal destroyed

00.51
0:005:0010:0015:00

metal

Own metal lost

050100150
0:005:0010:0015:00

metal

15 games.

Show as table
ByMetal produced: This buildEnemy metal destroyed: This buildOwn metal lost: This build
1:0038400
2:0091700
3:00176300
4:00304100
5:00472000
6:00555700
7:00676300
8:00887400
9:001115200
10:001293000
11:001649700
12:002054100
13:002334200
14:00268000102
15:00291270130
WHAT THE NUMBERS SAY

Standard Tech wins only 12% of games despite very fast T2, with essentially zero recorded kills or losses in the sample.

  • + Advanced Bot Lab lands by 4:21, fastest T2 factory timing among all builds.
  • − Team win rate is the lowest of all sampled roles by a wide margin.
THE EXAMPLE YOU ARE READING

[Grump]Grumpiness

49.8 OS · 18/09/2026

Open source match ↗

10 received units
4 metal received · 823 energy received

Allied construction assistance is unknown. Timings are observations, not a promise of solo reproducibility.

Typical milestones

Bot Lab1:29Middle 50%: 1:13–1:37 · n=15
Advanced Bot Lab4:21Middle 50%: 4:10–4:48 · n=14
Advanced Metal Extractor5:53Middle 50%: 5:19–6:12 · n=14

Played most by

RollingDad4games of this buildCommandoMan3games of this buildBM_akumar62games of this build[Grump]Glorp_TTV1game of this build[Grump]Grumpiness1game of this build